 Dungeon Crawl Stone Soup version 0.30-a0-528-g8c47a4955b (webtiles) character file.

Game seed: 15855638886905109343

225 scionoferis the Changer (level 6, 0/38 HPs)
             Began as an Octopode Transmuter on Dec 23, 2022.
             Slain by Pikel
             ... wielding a +1 whip of electrocution
              (12 damage)
             ... on level 4 of the Dungeon.
             The game lasted 00:06:50 (3341 turns).

scionoferis the Changer (Octopode Transmuter)       Turns: 3341, Time: 00:06:51

Health: 0/38       AC:  1    Str: 11    XL:     6   Next: 1%
Magic:  8/9        EV: 13    Int: 16    God:
Gold:   141        SH:  0    Dex: 12    Spells: 2/9 levels left

rFire   . . .      SeeInvis .    a - +0 war axe
rCold   . . .      Faith    .    (no shield)
rNeg    . . .      Spirit   .    (helmet currently unavailable)
rPois   .          Reflect  .    (no amulet)
rElec   .          Harm     .    (no ring)
rCorr   .          Rampage  .    (no ring)
Will    .....                    (no ring)
Stlth   +++                      (no ring)
HPRegen 0.26/turn                (no ring)
MPRegen 0.11/turn                (no ring)
                                 (no ring)
                                 (no ring)

@: appendages
A: tentacle spike 3, almost no armour, amphibious, 8 rings, camouflage 1,
gelatinous body 1, (nimble swimmer 1), tentacles
a: End Transformation


You were on level 4 of the Dungeon.
One of your tentacles had grown a beastly spike.
You visited 2 branches of the dungeon, and saw 5 of its levels.

You collected 141 gold pieces.


Innate Abilities, Weirdness & Mutations

One of your tentacles has grown a beastly spike.
You cannot wear most types of armour.
You are amphibious.
You can wear up to eight rings at the same time.
Your skin changes colour to match your surroundings (Stealth+).
Your rubbery body absorbs attacks. (AC +1, EV +1)
((You are camouflaged when in or above water. (Stealth+)))
You have tentacles for arms and can constrict up to eight enemies at once.


   Skills:
 - Level 1.0 Fighting
 - Level 2.0 Dodging
 - Level 4.0 Stealth
 - Level 3.0 Unarmed Combat
 - Level 2.0 Spellcasting
 + Level 4.2 Transmutations
 + Level 2.7 Ice Magic


You had 2 spell levels left.
You knew the following spells:

 Your Spells              Type           Power      Damage    Failure   Level
a - Beastly Appendage     Tmut           30%        N/A       3%          1
b - Wereblood             Tmut           15%        N/A       5%          2
c - Ice Form              Ice/Tmut       12%        N/A       43%         4

Your spell library contained the following spells:

 Spells                   Type           Power      Damage    Failure   Level
 Spider Form              Tmut/Pois      8%         N/A       26%         3
 Ignite Poison            Fire/Tmut/Pois 6%         N/A       34%         3
 Sticky Flame             Conj/Fire      1%         2d3       90%         4
 Ignition                 Fire           0%         3d3       100%        8

Inventory:

Hand Weapons
 a - a +0 war axe (weapon)
   (You found it on level 1 of the Dungeon)
 b - a +0 sling
   (You found it on level 1 of the Dungeon)
 t - a +0 mace
   (You took it off an orc on level 4 of the Dungeon)
Scrolls
 c - 5 scrolls of identify {unknown}
 f - 2 scrolls of fog {unknown}
 h - a scroll of immolation {unknown}
 i - 4 scrolls of teleportation {unknown}
 j - 2 scrolls of enchant armour {unknown}
 o - 2 scrolls of poison {unknown}
 q - a scroll of noise {unknown}
 r - a scroll of blinking {unknown}
 s - a scroll of vulnerability {unknown}
Potions
 e - a potion of cancellation {unknown}
 g - 2 potions of heal wounds {unknown}
 k - a potion of curing {unknown}
 l - a potion of resistance {unknown}
 m - a potion of flight {unknown}
 n - a potion of brilliance {unknown}
 p - 2 potions of mutation {unknown}

Dungeon Overview and Level Annotations

Branches:
Dungeon (4/15)             Temple (1/1) D:4

Altars:
Ashenzari
Dithmenos
Fedhas
Kikubaaqudgha
Makhleb
Nemelex Xobeh
Qazlal
Sif Muna
Trog
Vehumet
Xom

Annotations:
D:2 Sigmund
D:3 1 runed translucent door, Crazy Yiuf, Grinder
D:4 Pikel

.......#..##.#.#
.....#.....#.#.#
.###.#.###.#.#.# .
.###.#......<#... #
.+.....###.###.###.#
.###.#+###.........
.###>...........###
.'......######...# #......K.
.####..........#@# #.....5..
.# ##'#########K# #........
.# #...# #.# #......5. .#
###[..# #.# #........ ##
#.#...# #.###...5....
####.#...# #...#........
.....#.### ###...####+#
####.#.#############K.....#
####.#.........##.......#...


You could see Pikel.


Message History

Welcome, scionoferis the Octopode Transmuter.
Are you destined to find the terrific Orb of Zot, or to die trying?
Press ? for a list of commands and other information.
Found a staircase leading out of the dungeon.
You open the door.
There is an open door here.
You open the door.
There is an open door here.
As you open the door, it creaks loudly!
There is an open door here.
You open the door.
Found a ring mail.
There is an open door here.
A frilled lizard comes into view.
Found a stone staircase leading down.
The frilled lizard hisses angrily.
You closely miss the frilled lizard. Your grab misses the frilled lizard.
You closely miss the frilled lizard. Your grab misses the frilled lizard.
Your squeeze misses the frilled lizard. The frilled lizard misses you.
You closely miss the frilled lizard. Your grab misses the frilled lizard.
The frilled lizard misses you.
You tentacle-slap the frilled lizard.
You kill the frilled lizard!
No target in view!
A ball python comes into view.
An endoplasm comes into view.
The endoplasm quivers.
Casting: Beastly Appendage (safe; 10% risk of failure)
Confirm with . or Enter, or press ? or * to list all spells.
One of your tentacles grows a vicious spike.
You tentacle-slap the endoplasm but do no damage.
The ball python hisses angrily.
The endoplasm freezes you.
You are frozen.
You tentacle-slap the ball python. Your grab misses the ball python.
Your squeeze misses the ball python.
The ball python is severely wounded.
The ball python bites you. The ball python misses you.
The endoplasm freezes you.
You are frozen.
You are too injured to fight recklessly!
You are too injured to fight recklessly!
You tentacle-slap the ball python.
You kill the ball python!
Your transformation is almost over.
The endoplasm freezes you.
You are frozen.
* * * LOW HITPOINT WARNING * * *
You tentacle-slap the endoplasm.
You pierce the endoplasm.
You kill the endoplasm!
Your Stealth skill increases to level 1!
Unknown command.
You start resting.
Magic restored.
You start resting.
Your tentacle spike disappears.
HP restored.
You now have 10 gold pieces.
You open the door.
There is an open door here.
A rat comes into view.
You tentacle-slap the rat.
You kill the rat!
No target in view!
A frilled lizard comes into view.
Casting: Beastly Appendage (safe; 10% risk of failure)
Confirm with . or Enter, or press ? or * to list all spells.
One of your tentacles grows a vicious spike.
A hobgoblin comes into view.
Found a scroll labelled HATIUCRAET.
The hobgoblin shouts!
Your transformation is almost over.
Casting: Beastly Appendage (safe; 10% risk of failure)
Confirm with . or Enter, or press ? or * to list all spells.
You extend your transformation's duration.
You closely miss the hobgoblin. You grab the hobgoblin.
You pierce the hobgoblin, but do no damage.
You constrict the hobgoblin. The hobgoblin barely misses you.
You tentacle-slap the hobgoblin but do no damage.
The hobgoblin is lightly wounded.
You constrict the hobgoblin. The hobgoblin hits you.
You tentacle-slap the hobgoblin but do no damage.
You pierce the hobgoblin.
You squeeze the hobgoblin.
You kill the hobgoblin!
Found a stone staircase leading down.
Your transformation is almost over.
Found a scroll labelled DAGHAE BYRROUPN.
The helpless frilled lizard fails to defend itself.
You tentacle-slap the frilled lizard.
You kill the frilled lizard!
You see here a frilled lizard corpse.
Your tentacle spike disappears.
Magic restored.
b - a scroll labelled HATIUCRAET
c - a scroll labelled DAGHAE BYRROUPN You now have 18 gold pieces (gained 8).
A giant cockroach comes into view.
A giant cockroach comes into view.
An endoplasm comes into view.
Casting: Beastly Appendage (safe; 9% risk of failure)
Confirm with . or Enter, or press ? or * to list all spells.
One of your tentacles grows a vicious spike.
The giant cockroach bites you.
You closely miss the giant cockroach. Your grab misses the giant cockroach.
You pierce the giant cockroach.
The giant cockroach is severely wounded.
The giant cockroach barely misses you.
You closely miss the giant cockroach. Your grab misses the giant cockroach.
You pierce the giant cockroach, but do no damage.
The giant cockroach is severely wounded.
The giant cockroach bites you.
You closely miss the giant cockroach. You grab the giant cockroach.
Your tentacle spike misses the giant cockroach.
The giant cockroach is severely wounded.
You constrict the giant cockroach. The giant cockroach barely misses you.
You barely miss the giant cockroach.
You pierce the giant cockroach, but do no damage.
Your squeeze misses the giant cockroach.
The giant cockroach is almost dead.
You constrict the giant cockroach.
You kill the giant cockroach!
You have reached level 2!
An endoplasm comes into view.
Found a war axe.
Your transformation is almost over.
The helpless endoplasm fails to defend itself.
You tentacle-slap the endoplasm.
The endoplasm is lightly wounded.
The endoplasm freezes you.
You are frozen.
You barely miss the endoplasm.
You pierce the endoplasm.
You squeeze the endoplasm.
You kill the endoplasm!
Your Stealth skill increases to level 2!
You closely miss the giant cockroach. You grab the giant cockroach.
You pierce the giant cockroach, but do no damage.
You constrict the giant cockroach, but do no damage.
The giant cockroach barely misses you.
You tentacle-slap the giant cockroach.
You kill the giant cockroach!
A ball python comes into view.
The ball python hisses angrily.
The ball python falls through a shaft!
The shaft crumbles and collapses.
You see here a +0 war axe.
d - a +0 war axe
d - a +0 war axe (weapon)
You start resting.
Your tentacle spike disappears.
Magic restored.
You start resting.
HP restored.
Casting: Beastly Appendage (safe; 9% risk of failure)
Confirm with . or Enter, or press ? or * to list all spells.
One of your tentacles grows a vicious spike.
You see here a giant cockroach corpse.
Found a bubbling amethyst potion.
Your transformation is almost over.
The helpless endoplasm fails to defend itself.
You hit the endoplasm.
You pierce the endoplasm.
The endoplasm is heavily wounded.
The endoplasm hits you. The endoplasm barely misses you.
You barely miss the endoplasm.
You pierce the endoplasm, but do no damage.
The endoplasm is heavily wounded.
The endoplasm barely misses you.
You hit the endoplasm.
You pierce the endoplasm.
You kill the endoplasm!
A hobgoblin comes into view.
Found a scale mail.
A hobgoblin is nearby!
Your tentacle spike disappears.
The hobgoblin shouts!
The hobgoblin barely misses you.
You completely miss the hobgoblin. You grab the hobgoblin.
You squeeze the hobgoblin.
The hobgoblin is heavily wounded.
You constrict the hobgoblin, but do no damage.
The hobgoblin hits you but does no damage.
You barely miss the hobgoblin.
The hobgoblin is heavily wounded.
You constrict the hobgoblin, but do no damage.
The hobgoblin barely misses you. The hobgoblin closely misses you.
You slash the hobgoblin!
You kill the hobgoblin!
e - a bubbling amethyst potion You now have 24 gold pieces (gained 6).
f - a scroll labelled UME ENEYWKEMUOH A ball python comes into view.
The ball python hisses angrily.
The ball python closely misses you. x2; The ball python barely misses you.
The ball python grabs you. The ball python constricts you.
You slash the ball python!
You kill the ball python!
No target in view!
You see here a ball python corpse.
You now have 28 gold pieces (gained 4).
g - a sapphire potion You open the door.
There is an open door here.
You see here a ball python corpse.
A bat comes into view.
The helpless bat fails to defend itself.
You hit the bat. Your grab misses the bat.
The bat is moderately wounded.
The bat closely misses you. x2
A kobold comes into view. It is wielding a +0 club.
The bat hits you. The bat closely misses you.
You closely miss the bat. Your grab misses the bat.
The bat is moderately wounded.
The bat barely misses you. The bat completely misses you.
You hit the bat.
You kill the bat!
A bat comes into view.
Found a helmet.
The helpless kobold fails to defend itself.
You hit the kobold but do no damage. Your grab misses the kobold.
The kobold closely misses you. x2
You hit the kobold. You grab the kobold. You tentacle-slap the kobold.
You squeeze the kobold.
You kill the kobold!
Found 13 gold pieces and a sling.
The helpless bat fails to defend itself.
You hit the bat. Your grab misses the bat. You squeeze the bat.
The bat is severely wounded.
The bat barely misses you. The bat hits you but does no damage. x2
You miss the bat. Your grab misses the bat. Your squeeze misses the bat.
The bat is severely wounded.
The bat barely misses you. The bat hits you.
You see here a +0 helmet.
The bat completely misses you. The bat misses you. The bat barely misses you.
You barely miss the bat. Your grab misses the bat.
The bat is severely wounded.
The bat closely misses you. The bat hits you.
No target in view!
No target in view!
You closely miss the bat. You grab the bat. Your squeeze misses the bat.
The bat is moderately wounded.
You constrict the bat. The bat closely misses you.
The bat hits you but does no damage.
The bat struggles to escape constriction.
The bat escapes!
The bat barely misses you. The bat barely misses you.
You see here a +0 helmet.
You miss the bat. Your grab misses the bat.
The bat is moderately wounded.
The bat hits you. The bat hits you but does no damage.
The bat closely misses you.
You slash the bat!
You kill the bat!
You now have 41 gold pieces (gained 13).
You see here a +0 sling.
h - a +0 sling Adjust to which letter? (? for menu, Esc to quit)
b - a +0 sling;
h - a scroll labelled HATIUCRAET Adjust to which letter? (? for menu, Esc to quit)
a - a +0 war axe (weapon);
d - a potion of lignification
b - a +0 sling (weapon)
You see here a +0 helmet.
i - a scroll labelled IBUULL SETWURGH An endoplasm comes into view.
You shoot a sling bullet. The sling bullet hits the endoplasm.
The endoplasm quivers.
The endoplasm is lightly wounded.
You hear a shout!
You shoot a sling bullet. The sling bullet hits the endoplasm.
You kill the endoplasm!
No target in view!
No target in view!
A hobgoblin comes into view.
a - a +0 war axe (weapon)
Casting: Beastly Appendage (safe; 9% risk of failure)
Confirm with . or Enter, or press ? or * to list all spells.
You miscast Beastly Appendage.
You are very lightly contaminated with residual magic.
Nothing appears to happen.
You barely miss the hobgoblin. Your grab misses the hobgoblin.
The hobgoblin misses you. The hobgoblin closely misses you.
You hit the hobgoblin. You grab the hobgoblin.
The hobgoblin is heavily wounded.
You constrict the hobgoblin. The hobgoblin barely misses you.
You hit the hobgoblin.
You kill the hobgoblin!
b - a +0 sling (weapon)
Your magical contamination has completely faded away.
Magic restored.
A frilled lizard comes into view.
You see here a hobgoblin corpse.
Your line of fire to the frilled lizard is blocked by a plant.
Unknown command.
a - a +0 war axe (weapon)
You enter the shallow water.
A nearby plant withers and dies.
You closely miss the frilled lizard. Your grab misses the frilled lizard.
You hit the plant.
The plant begins to die.
The frilled lizard completely misses you.
You miss the frilled lizard. You grab the frilled lizard.
You squeeze the frilled lizard.
You kill the frilled lizard!
You hit the plant.
A nearby plant withers and dies.
You see here a frilled lizard corpse.
b - a +0 sling (weapon)
Found a faded altar of an unknown god.
You enter the shallow water.
You see here a frilled lizard corpse.
You enter the shallow water.
You now have 43 gold pieces (gained 2).
You open the door.
There is an open door here.
You open the door.
There is an open door here.
You open the door.
There is an open door here.
You open the door.
There is an open door here.
You open the door.
There is an open door here.
You open the door. You open the door.
There is an open door here.
You open the door.
There is an open door here.
You open the door.
There is an open door here.
Found 5 stones.
Found an escape hatch in the floor.
f - 2 scrolls labelled UME ENEYWKEMUOH (gained 1)
You see here a +0 ring mail.
Found a stone staircase leading down.
You now have 62 gold pieces (gained 19).
Found a hand axe.
Found a robe.
Found a scale mail.
c - 2 scrolls labelled DAGHAE BYRROUPN (gained 1)
Found 6 stones.
j - a scroll labelled TITZUDU DATAGA You see here 6 stones.
You open the door.
There is an open door here.
There is an open door here.
There is an open door here.
You open the door.
There is an open door here.
Done exploring.
Done exploring.
Search for what [? for help]? d: Unknown command.
There is a stone staircase leading down here.
You climb downwards.
There is a stone staircase leading up here.
Found a stone staircase leading down.
A hobgoblin comes into view.
You shoot a sling bullet. The sling bullet hits the hobgoblin.
The hobgoblin is almost dead.
A rat comes into view.
You shoot a sling bullet. The sling bullet hits the hobgoblin.
You kill the hobgoblin!
You shoot a sling bullet. The sling bullet barely misses the rat.
You shoot a sling bullet. The sling bullet hits the rat.
You kill the rat!
Your Stealth skill increases to level 3!
No target in view!
i - 2 scrolls labelled IBUULL SETWURGH (gained 1)
A giant cockroach comes into view.
You shoot a sling bullet.
The sling bullet completely misses the giant cockroach.
You shoot a sling bullet.
The sling bullet barely misses the giant cockroach.
You shoot a sling bullet.
The sling bullet hits the giant cockroach but does no damage.
You shoot a sling bullet.
The sling bullet hits the giant cockroach but does no damage.
The giant cockroach barely misses you.
You shoot a sling bullet.
The sling bullet hits the giant cockroach.
The giant cockroach is lightly wounded.
The giant cockroach closely misses you.
a - a +0 war axe (weapon)
The giant cockroach bites you.
You closely miss the giant cockroach. You grab the giant cockroach.
The giant cockroach is lightly wounded.
You constrict the giant cockroach, but do no damage.
The giant cockroach closely misses you. The giant cockroach bites you.
You barely miss the giant cockroach.
Your squeeze misses the giant cockroach.
The giant cockroach is lightly wounded.
You constrict the giant cockroach. The giant cockroach barely misses you.
You hit the giant cockroach.
You kill the giant cockroach!
You have reached level 3!
Your experience leads to an increase in your attributes!
Increase (S)trength, (I)ntelligence, or (D)exterity?
You feel stronger. x2
Memorise Wereblood, consuming 2 spell levels and leaving 3?
You start memorising the spell.
You continue memorising. x2
You finish memorising.
Spell assigned to 'b'.
b - a +0 sling (weapon)
HP restored.
Found a club.
Found a dagger.
A frilled lizard comes into view.
a - a +0 war axe (weapon)
The helpless frilled lizard fails to defend itself.
You hit the frilled lizard. Your grab misses the frilled lizard.
The frilled lizard is heavily wounded.
The frilled lizard closely misses you. The frilled lizard barely misses you.
You closely miss the frilled lizard. Your grab misses the frilled lizard.
The frilled lizard is heavily wounded.
The frilled lizard misses you.
You slash the frilled lizard!
You kill the frilled lizard!
b - a +0 sling (weapon)
Found a leather armour.
You see here a +0 club.
A bat comes into view.
You shoot a sling bullet. The sling bullet hits the bat.
The bat is severely wounded.
You shoot a sling bullet. The sling bullet hits the bat.
You kill the bat!
No target in view!
You see here a bat corpse.
k - a fizzy ruby potion An adder comes into view.
You shoot a sling bullet. The sling bullet hits the adder.
The adder hisses angrily.
The adder is heavily wounded.
You shoot a sling bullet.
The sling bullet barely misses the adder.
You shoot a sling bullet.
The sling bullet closely misses the adder.
a - a +0 war axe (weapon)
You closely miss the adder. Your grab misses the adder. You squeeze the adder.
The adder is almost dead.
The adder closely misses you. x2
You slash the adder!
You kill the adder!
b - a +0 sling (weapon)
You see here an adder corpse.
l - a fizzy yellow potion
m - a dark potion
n - a smoky purple potion
Found a stone staircase leading up.
Found 6 stones.
o - a scroll labelled COAPUG TASKAB You see here 6 stones.
Found a stone staircase leading down.
g - 2 sapphire potions (gained 1)
i - 3 scrolls labelled IBUULL SETWURGH (gained 1)
You now have 70 gold pieces (gained 8).
Found a short sword.
As you open the door, it creaks loudly!
There is an open door here.
Found a stone staircase leading up.
j - 2 scrolls labelled TITZUDU DATAGA (gained 1)
You shoot a sling bullet. The ball python hisses angrily.
The sling bullet hits the ball python.
The ball python is moderately wounded.
You shoot a sling bullet. The sling bullet hits the ball python.
The ball python is severely wounded.
You shoot a sling bullet. The sling bullet hits the ball python.
You kill the ball python!
a - a +0 war axe (weapon)
b - a +0 sling (weapon)
You see here a ball python corpse.
c - 3 scrolls labelled DAGHAE BYRROUPN (gained 1)
Found a stone staircase leading down.
Sigmund the Dreaded comes into view.
He is wielding a +1 scythe of protection.
Found a faintly humming robe.
A hobgoblin comes into view.
You shoot a sling bullet. The sling bullet hits the hobgoblin!
You kill the hobgoblin!
No target in view!
No target in view!
You see here a hobgoblin corpse.
You see here a hobgoblin corpse.
There is a stone staircase leading down here.
An endoplasm comes into view.
You shoot a sling bullet. The sling bullet hits the endoplasm.
The endoplasm is heavily wounded.
You shoot a sling bullet. The sling bullet hits the endoplasm.
The endoplasm is almost dead.
You shoot a sling bullet.
The sling bullet barely misses the endoplasm.
You shoot a sling bullet. The sling bullet hits the endoplasm.
You kill the endoplasm!
There is a stone staircase leading up here.
A goblin comes into view. It is wielding a +0 dagger.
You shoot a sling bullet. The sling bullet hits the goblin!
You kill the goblin!
No target in view!
You now have 84 gold pieces (gained 14).
Things that are here:
a +0 dagger; a goblin corpse
o - 2 scrolls labelled COAPUG TASKAB (gained 1)
You see here a +0 robe of willpower.
Unknown command.
There is a stone staircase leading up here.
Partly explored, can't reach some items and places.
There is a stone staircase leading up here.
There is a stone staircase leading down here.
Search for what [Enter for "d:", or ? for help]? d: Unknown command.
You climb downwards.
There is a stone staircase leading up here.
a - a +0 war axe (weapon)
The helpless hobgoblin fails to defend itself.
You hit the hobgoblin. You grab the hobgoblin. You squeeze the hobgoblin.
You kill the hobgoblin!
b - a +0 sling (weapon)
You see here a hobgoblin corpse.
A frilled lizard comes into view.
a - a +0 war axe (weapon)
The helpless frilled lizard fails to defend itself.
You hit the frilled lizard. Your grab misses the frilled lizard.
Your squeeze misses the frilled lizard.
The frilled lizard is heavily wounded.
The frilled lizard barely misses you.
You miss the frilled lizard. You grab the frilled lizard.
You squeeze the frilled lizard.
You kill the frilled lizard!
b - a +0 sling (weapon)
Found an escape hatch in the ceiling.
Found a stone staircase leading down.
A frilled lizard comes into view.
Found 5 stones.
a - a +0 war axe (weapon)
The helpless frilled lizard fails to defend itself.
You slash the frilled lizard!
You kill the frilled lizard!
b - a +0 sling (weapon)
A giant cockroach comes into view.
a - a +0 war axe (weapon)
Found 14 gold pieces.
The helpless giant cockroach fails to defend itself.
You hit the giant cockroach. You grab the giant cockroach.
The giant cockroach is lightly wounded.
You constrict the giant cockroach. The giant cockroach bites you. x2
b - a +0 sling (weapon)
You constrict the giant cockroach, but do no damage.
The giant cockroach bites you but does no damage.
You shoot a sling bullet.
The sling bullet hits the giant cockroach.
You kill the giant cockroach!
a - a +0 war axe (weapon)
b - a +0 sling (weapon)
HP restored.
You now have 98 gold pieces (gained 14).
You open the door.
There is an open door here.
A ball python comes into view.
You shoot a sling bullet. The sling bullet hits the ball python.
The ball python hisses angrily.
The ball python is moderately wounded.
You shoot a sling bullet. The sling bullet hits the ball python.
You kill the ball python!
Found a stone staircase leading up.
i - 4 scrolls labelled IBUULL SETWURGH (gained 1)
You open the door.
Found a stone staircase leading up.
There is an open door here.
p - a lumpy white potion
Found a stone staircase leading down.
An adder comes into view.
a - a +0 war axe (weapon)
The adder hisses angrily.
The adder bites you.
You closely miss the adder. Your grab misses the adder. The adder bites you.
The adder misses you.
You miss the adder. You grab the adder. You constrict the adder.
The adder bites you.
You are poisoned.
The adder poisons you! The adder barely misses you.
You barely miss the adder. Your squeeze misses the adder.
The adder is lightly wounded.
You constrict the adder.
You feel sick. The adder barely misses you. The adder bites you.
You slash the adder!
You kill the adder!
You feel sick.
Training target 4.0 for Stealth reached!
Your Stealth skill increases to level 4!
You start resting.
You feel sick. x3
You are no longer poisoned.
b - a +0 sling (weapon)
HP restored.
Found a chain mail.
You see here a +0 chain mail.
A giant cockroach comes into view.
You shoot a sling bullet.
The sling bullet hits the giant cockroach.
The giant cockroach is almost dead.
No target in view!
You shoot a sling bullet.
The sling bullet hits the giant cockroach but does no damage.
The giant cockroach is almost dead.
You shoot a sling bullet.
The sling bullet closely misses the giant cockroach.
You shoot a sling bullet.
The sling bullet hits the giant cockroach.
You kill the giant cockroach!
You see here a giant cockroach corpse.
Found a shadowy altar of Dithmenos.
q - a scroll labelled PEPHYRO BIDE You see here 3 stones.
r - a scroll labelled YLAERH XINYAVO You now have 114 gold pieces (gained 16).
There is a shadowy altar of Dithmenos here.
c - 4 scrolls labelled DAGHAE BYRROUPN (gained 1)
You open the door.
A dart slug comes into view.
There is an open door here.
a - a +0 war axe (weapon)
The helpless dart slug fails to defend itself.
You hit the dart slug. You grab the dart slug.
The dart slug is lightly wounded.
You constrict the dart slug. The dart slug bites you.
You hit the dart slug.
You tentacle-slap the dart slug, but do no damage.
You squeeze the dart slug, but do no damage.
The dart slug is heavily wounded.
You constrict the dart slug.
The dart slug briefly extends its eye-stalks.
The dart slug barely misses you.
You hit the dart slug.
You kill the dart slug!
Your Transmutations skill increases to level 3!
You have reached level 4!
You open the door.
There is an open door here.
You open the door.
There is an open door here.
Found a stone staircase leading down.
This spell is astonishingly dangerous to cast!
Memorise Ice Form, consuming 4 spell levels and leaving 0?
You start memorising the spell.
You continue memorising. x4
You finish memorising.
Spell assigned to 'c'.
Found a trident.
You see here a +0 trident.
Found a hammer.
Found a runed translucent door.
Crazy Yiuf shouts!
You see here a +0 trident.
You open the door.
There is an open door here.
You open the door.
There is an open door here.
s - a scroll labelled FARCHY VAUTESOI
p - 2 lumpy white potions (gained 1)
You open the door.
There is an open door here.
Jessica the Apprentice Sorceress comes into view.
She is wielding a +0 dagger.
Casting: Beastly Appendage (safe; 6% risk of failure)
Confirm with . or Enter, or press ? or * to list all spells.
You miscast Beastly Appendage.
You are very lightly contaminated with residual magic.
Nothing appears to happen.
Jessica shouts!
Jessica hits you with a +0 dagger.
You closely miss Jessica. Your grab misses Jessica.
Jessica hits you with a +0 dagger.
You slash Jessica!
You kill Jessica!
Your magical contamination has completely faded away.
Things that are here:
a +0 dagger; a +0 robe You start resting.
Magic restored.
You start resting.
HP restored.
A bat comes into view.
Found an escape hatch in the floor.
Grinder comes into view.
Found 9 gold pieces.
A bat comes into view.
A quokka comes into view.
Found 10 gold pieces.
The bat hits you. The bat closely misses you.
You see here an Everburning Encyclopedia.
You slash the bat!
You kill the bat!
Your Ice Magic skill increases to level 1!
You pick up an Everburning Encyclopedia and begin reading...
You add the spells Ignite Poison, Sticky Flame and Ignition to your library.
The quokka bites you. The quokka closely misses you.
You slash the quokka!
You kill the quokka!
You now have 124 gold pieces (gained 10).
You start resting.
HP restored.
You open the large door.
A hobgoblin comes into view.
Found a chain mail and 7 gold pieces.
There is a large open door here.
The helpless hobgoblin fails to defend itself.
You hit the hobgoblin. You grab the hobgoblin.
The hobgoblin is severely wounded.
You constrict the hobgoblin.
You kill the hobgoblin!
You now have 131 gold pieces (gained 7).
You enter the shallow water.
There is a large open door here.
A goblin comes into view. It is wielding a +0 club.
The goblin shouts!
You hit the goblin.
You kill the goblin!
No target in view!
You open the door.
A ball python comes into view.
There is an open door here.
The helpless ball python fails to defend itself.
You slash the ball python!
You kill the ball python!
No target in view!
No target in view!
As you open the door, it creaks loudly!
A ball python comes into view.
The ball python hisses angrily.
The ball python moves out of view.
There is an open door here.
The ball python closely misses you. x2
You closely miss the ball python. Your grab misses the ball python.
You squeeze the ball python.
You kill the ball python!
No target in view!
There is an open door here.
c - 5 scrolls labelled DAGHAE BYRROUPN (gained 1)
There is a stone staircase leading down here.
As you open the door, it creaks loudly!
There is an open door here.
You open the door.
There is an open door here.
You open the door.
A hobgoblin comes into view.
There is an open door here.
The helpless hobgoblin fails to defend itself.
You slash the hobgoblin!
You kill the hobgoblin!
No target in view!
A scorpion comes into view.
Unknown command.
Unknown command.
There is an open door here.
There is an open door here.
There is an open door here.
There is a stone staircase leading down here.
You climb downwards.
There is a stone staircase leading up here.
You open the door.
There is an open door here.
You now have 141 gold pieces (gained 10).
Found a robe.
An adder comes into view.
b - a +0 sling (weapon)
The adder hisses angrily.
You shoot a sling bullet.
The sling bullet closely misses the adder.
You shoot a sling bullet.
The sling bullet closely misses the adder.
a - a +0 war axe (weapon)
Casting: Beastly Appendage (safe; 5% risk of failure)
Confirm with . or Enter, or press ? or * to list all spells.
One of your tentacles grows a vicious spike.
You barely miss the adder. Your grab misses the adder.
The adder barely misses you. x2
You slash the adder! Your grab misses the adder.
The adder is severely wounded.
The adder bites you. x2
You miss the adder. You grab the adder.
The adder is severely wounded.
You constrict the adder. The adder closely misses you. The adder misses you.
You slash the adder!
You kill the adder!
No target in view!
b - a +0 sling (weapon)
Magic restored.
HP restored.
Found a staircase to the Ecumenical Temple.
You see here an adder corpse.
Your transformation is almost over.
You see here a +0 robe.
There is a staircase to the Ecumenical Temple here.
You climb downwards.
Welcome to the Ecumenical Temple!
There is a staircase back to the Dungeon here.
Found a burning altar of Makhleb.
Found a radiant altar of Vehumet.
Your tentacle spike disappears.
Found a shimmering blue altar of Sif Muna.
Found a shimmering altar of Xom.
Found a blossoming altar of Fedhas.
Found an ancient bone altar of Kikubaaqudgha.
Found a sparkling altar of Nemelex Xobeh.
Found a broken altar of Ashenzari.
Found a bloodstained altar of Trog.
There is a staircase back to the Dungeon here.
Found a stormy altar of Qazlal.
Done exploring.
Done exploring.
Done exploring.
Done exploring.
There is a staircase back to the Dungeon here.
You climb upwards.
Welcome back to the Dungeon!
There is a staircase to the Ecumenical Temple here.
An endoplasm comes into view.
a - a +0 war axe (weapon)
The endoplasm quivers.
You hit the endoplasm.
The endoplasm is heavily wounded.
The endoplasm freezes you.
You are frozen.
You slash the endoplasm!
You kill the endoplasm!
No target in view!
b - a +0 sling (weapon)
HP restored.
Found a pair of gloves.
Found a stone staircase leading down.
Save game and exit?
Welcome back, scionoferis the Octopode Transmuter.
Press ? for a list of commands and other information.
Found an escape hatch in the ceiling.
You open the door.
An orc comes into view. It is wielding a +0 mace.
There is an open door here.
You shoot a sling bullet. The sling bullet hits the orc.
The orc shouts!
The orc is heavily wounded.
You shoot a sling bullet.
The sling bullet hits the orc but does no damage.
The orc is heavily wounded.
You shoot a sling bullet. The sling bullet hits the orc.
The orc is almost dead.
You shoot a sling bullet. The sling bullet hits the orc.
You kill the orc!
There is a stone staircase leading down here.
As you open the door, it creaks loudly!
You open the door.
There is an open door here.
There is an open door here.
Things that are here:
a +0 mace; a +0 leather armour; an orc corpse
t - a +0 mace You open the door.
Menkaure, Prince of Dust comes into view.
As you close the door, it creaks loudly!
You hear a shout!
Menkaure opens the door.
Unknown command.
Press: ? - help, v - describe, . - travel
Here: Menkaure The floor.
Really quaff the potion of lignification?
You turn into a tree.
Your roots penetrate the ground.
a - a +0 war axe (weapon)
You barely miss Menkaure. Menkaure hits you.
You hit Menkaure.
Menkaure is lightly damaged.
Menkaure completely misses you. Menkaure hits you.
You barely miss Menkaure.
Menkaure is lightly damaged.
Menkaure gestures wildly while chanting.
Menkaure seems to speed up.
You hit Menkaure.
Menkaure is lightly damaged.
Menkaure hits you but does no damage. x2
You slash Menkaure!
Menkaure is heavily damaged.
Menkaure hits you but does no damage.
You hit Menkaure.
Menkaure is almost destroyed.
Menkaure hits you! x2
You hit Menkaure but do no damage.
Menkaure is almost destroyed.
Menkaure hits you but does no damage. x2
You hit Menkaure.
You destroy Menkaure!
Your Transmutations skill increases to level 4!
Your Ice Magic skill increases to level 2!
You have reached level 5!
You feel clever.
You have reached level 6!
You close the door.
You start resting.
Your transformation is almost over.
You start resting.
You feel less wooden.
b - a +0 sling (weapon)
You start resting.
HP restored.
You open the door.
There is an open door here. 2 lemures come into view.
The lemure shouts! x2; You hear a shout!
Pikel, Merchant of Souls comes into view.
He is wielding a +1 whip of electrocution.
A lemure comes into view.
You hear a shout!
You shoot a sling bullet.
The sling bullet closely misses the lemure.
a - a +0 war axe (weapon)
Cast which spell? (? or * to list) One of your tentacles grows a vicious spike.
You miss the lemure. Your grab misses the lemure.
Your squeeze misses the lemure. The lemure hits you.
You slash the lemure! Your grab misses the lemure.
Your tentacle spike misses the lemure.
The lemure is moderately wounded.
The lemure hits you. The lemure completely misses you.
You hit the lemure but do no damage. Your grab misses the lemure.
Your squeeze misses the lemure.
The lemure is moderately wounded.
The lemure misses you.
You closely miss the lemure. You grab the lemure.
You pierce the lemure, but do no damage.
You squeeze the lemure.
The lemure is moderately wounded.
You constrict the lemure. The lemure hits you. x2
You hit the lemure.
You pierce the lemure.
You tentacle-slap the lemure, but do no damage.
You squeeze the lemure.
You kill the lemure!
That felt strangely unrewarding.
You start resting.
Magic restored.
You start resting.
Your transformation is almost over.
You start resting.
Your tentacle spike disappears.
HP restored.
Unknown command.
Casting: Beastly Appendage (safe; 3% risk of failure)
Confirm with . or Enter, or press ? or * to list all spells.
One of your tentacles grows a vicious spike.
You barely miss Pikel. You grab Pikel.
You pierce Pikel, but do no damage.
Your squeeze misses Pikel. You constrict Pikel, but do no damage.
Pikel hits you with a +1 whip of electrocution!
You are electrocuted!!
Pikel hits you with a +1 whip of electrocution!
You die...

Skill      XL: |  1  2  3  4 |
---------------+-------------+-----
Stealth        | 1 3 4 |  4.0
Transmutations | 3 4 |  4.2
Ice Magic      | 2 |  2.7
Fighting       | |  1.0
Dodging        | |  2.0
Unarmed Combat | |  3.0
Spellcasting   | |  2.0

Action                   |  1- 3 |  4- 6 || total
-------------------------+-------+-------++-------
Melee: Unarmed           |    21 |       ||    21
       Kick              |    11 |     3 ||    14
       Constrict         |    14 |     4 ||    18
       Tentacles         |    10 |     3 ||    13
       War axe           |    43 |    29 ||    72
       Punch             |     2 |     1 ||     3
 Fire: Sling             |    32 |     7 ||    39
 Cast: Beastly Appendage |     5 |     3 ||     8
  Use: Potion            |       |     1 ||     1
 Stab: Sleeping          |    12 |     3 ||    15
Armor: Skin              |     6 |     5 ||    11
Dodge: Dodged            |    50 |    11 ||    61

Levels and vault maps discovered:
D:1:      erik_arrival_triangle_large, layout_basic,
          shapermc_ecumenical_altar_hornbeckon, minmay_misc_feat_ornament,
          minmay_cupped
D:2:      layout_basic, uniq_sigmund
D:3:      layout_basic, mainiacjoe_overflow_cross_hatched,
          kennysheep_generic_room_15, uniq_crazy_yiuf_cottage, uniq_grinder,
          uniq_jessica
D:4:      layout_basic, temple_statues, uniq_pikel, uniq_menkaure
Temple:   hellmonk_temple_flake

Notes
Turn   | Place    | Note
-------+----------+-------------------------------------------
     0 | D:1      | scionoferis the Octopode Transmuter began the quest for the
                  | Orb.
     0 | D:1      | Reached XP level 1. HP: 13/13 MP: 3/3
    57 | D:1      | Reached skill level 1 in Stealth
   213 | D:1      | Reached XP level 2. HP: 17/18 MP: 3/5
   218 | D:1      | Reached skill level 2 in Stealth
   539 | D:1      | Found a faded altar of an unknown god.
   994 | D:2      | Reached skill level 3 in Stealth
  1012 | D:2      | Reached XP level 3. HP: 20/23 MP: 6/6
  1015 | D:2      | Learned a level 2 spell: Wereblood
  1527 | D:2      | Noticed Sigmund
  2127 | D:3      | Reached skill level 4 in Stealth
  2276 | D:3      | Found a shadowy altar of Dithmenos.
  2354 | D:3      | Reached skill level 3 in Transmutations
  2354 | D:3      | Reached XP level 4. HP: 27/28 MP: 7/7
  2371 | D:3      | Learned a level 4 spell: Ice Form
  2403 | D:3      | Found a runed translucent door.
  2404 | D:3      | Noticed Crazy Yiuf
  2476 | D:3      | Noticed Jessica
  2483 | D:3      | Killed Jessica
  2533 | D:3      | Noticed Grinder
  2546 | D:3      | Reached skill level 1 in Ice Magic
  2745 | D:3      | Noticed a scorpion
  2824 | D:4      | Found a staircase to the Ecumenical Temple.
  2833 | Temple   | Entered the Ecumenical Temple
  3154 | D:4      | Noticed Menkaure
  3165 | D:4      | Killed Menkaure
  3166 | D:4      | Reached skill level 4 in Transmutations
  3166 | D:4      | Reached skill level 2 in Ice Magic
  3166 | D:4      | Reached XP level 5. HP: 24/33 MP: 8/8
  3166 | D:4      | Reached XP level 6. HP: 28/38 MP: 9/9
  3258 | D:4      | Noticed Pikel
  3341 | D:4      | Slain by Pikel

Vanquished Creatures
  Menkaure (D:4)
  A lemure (D:4)
  Jessica (D:3)
  3 adders (D:2 D:3 D:4)
  A dart slug (D:3)
  An orc (D:4)
  6 ball pythons (D:1 D:2 D:3)
  6 endoplasms (D:1 D:2 D:4)
  5 giant cockroaches (D:1 D:2 D:3)
  2 goblins (D:2 D:3)
  8 hobgoblins (D:1 D:2 D:3)
  A kobold (D:1)
  A quokka (D:3)
  4 bats (D:1 D:2 D:3)
  6 frilled lizards (D:1 D:2 D:3)
  2 rats (D:1 D:2)
49 creatures vanquished.

Vanquished Creatures (others)
  2 plants (D:1)
2 creatures vanquished.

Grand Total: 51 creatures vanquished

Table legend: (Time is in decaauts)
 A = Elapsed time spent in this place.
 B = Non-inter-level travel time spent in this place.
 C = Inter-level travel time spent in this place.
 D = Time resting spent in this place.
 E = Time spent auto-exploring this place.
 F = Levels seen in this place.
 G = Mean time per level.
                   A        B        C        D        E       F      G
               +--------+--------+--------+--------+--------+-----+--------+
         Total |   3372 |   3289 |     83 |    229 |   2501 |   5 |  674.4 |
       Dungeon |   3219 |   3145 |     74 |    229 |   2369 |   4 |  804.8 |
        Temple |    152 |    143 |      9 |      0 |    132 |   1 |  152.0 |
               +--------+--------+--------+--------+--------+-----+--------+

Top non-repeatable levels by time:
     D:2: 1013 daAuts
     D:1: 988 daAuts
     D:3: 797 daAuts
     D:4: 420 daAuts
  Temple: 152 daAuts

Table legend:
 A = Non-vault XP
 B = Vault XP
 C = Vault XP percentage of total XP
 D = Non-vault monster count
 E = Vault monster count
 F = Vault count percentage of total count
                 A         B        C        D         E       F
            +---------+---------+-------+---------+---------+-------
      Total |     111 |     211 |  65.5 |      43 |       5 |  10.4
            +---------+---------+-------+---------+---------+-------
        D:1 |      27 |       3 |  10.0 |      16 |       2 |  11.1
        D:2 |      28 |       0 |   0.0 |      10 |       0 |   0.0
        D:3 |      38 |      39 |  50.6 |      14 |       2 |  12.5
        D:4 |      18 |     169 |  90.4 |       3 |       1 |  25.0
            +---------+---------+-------+---------+---------+-------
